 Dungeon Crawl Stone Soup version 0.29.1-13-g9f3cf754e1 (webtiles) character file.

Game seed: 9318272611680784854

63 cheesebisquit the Cudgeller (level 3, 0/36 HPs)
             Began as a Troll Berserker on Jan 25, 2023.
             Was a Believer of Trog.
             Slain by an orc
             ... wielding a +0 flail
              (3 damage)
             ... on level 2 of the Dungeon.
             The game lasted 00:05:48 (1374 turns).

cheesebisquit the Cudgeller (Troll Berserker)       Turns: 1374, Time: 00:05:49

Health: 0/36       AC:  5    Str: 27    XL:     3   Next: 87%
Magic:  2/2        EV: 10    Int:  3    God:    Trog [**....]
Gold:   86         SH:  0    Dex:  9    Spells: 2/2 levels left

rFire   . . .      SeeInvis .   a - +0 mace (vamp)
rCold   . . .      Faith    .   (no shield)
rNeg    . . .      Spirit   .   b - +0 animal skin
rPois   .          Reflect  .   (helmet restricted)
rElec   .          Harm     .   j - +0 cloak
rCorr   .          Rampage  .   (gloves unavailable)
Will    .....                   (boots unavailable)
Stlth   +.........              (no amulet)
HPRegen 0.92/turn               (no ring)
MPRegen 0.08/turn               (no ring)

@: about to teleport
A: large, unfitting armour, claws 3, regeneration 1, shaggy fur 1, tough skin 1
a: Renounce Religion, Berserk, Trog's Hand


You were on level 2 of the Dungeon.
You worshipped Trog.
Trog was pleased with you.
You visited 1 branch of the dungeon, and saw 3 of its levels.

You collected 86 gold pieces.

Inventory:

Hand Weapons
 a - a +0 vampiric mace (weapon)
 c - a +0 club
Missiles
 m - 4 poisoned darts (quivered)
Armour
 b - a +0 animal skin (worn)
 j - a +0 cloak (worn)
Wands
 k - a wand of light (7)
Scrolls
 e - 3 scrolls of noise
 g - a scroll of magic mapping {unknown}
 h - a scroll of identify
 i - a scroll of enchant weapon {unknown}
Potions
 l - a potion of flight
 n - a potion of lignification {unknown}


   Skills:
 - Level 2.4 Fighting
 + Level 4.4 Maces & Flails
 - Level 2.4 Dodging


You had 2 spell levels left.
You didn't know any spells.
Your spell library was empty.

Dungeon Overview and Level Annotations

Branches:
Dungeon (3/15)

Altars:


Innate Abilities, Weirdness & Mutations

You are too large for most types of armour.
You have claws for hands.
Your natural rate of healing is unusually fast.
You are covered in fur. (AC +1)
You have tough skin. (AC +1)


Message History

The jackal closely misses you.
The orc priest hits you with a +0 war axe.
The orc hits you with a +0 flail. The jackal barely misses you.
The jackal misses you.
You climb upwards.
There is a stone staircase leading down here.
As you read the scroll labelled WEPTED REBUHOPN, it crumbles to dust.
You hear a loud clanging noise!
It was a scroll of noise.
The bat barely misses you.
The jackal closely misses you. x2; The orc closely misses you.
The orc priest calls down the wrath of Beogh upon you.
Pain shoots through your body!
* * * LOW HITPOINT WARNING * * *
As you read the scroll labelled MEOMAEZX PYNKY, it crumbles to dust.
It is a scroll of identify.
l - a potion of flight The bat hits you but does no damage.
The jackal bites you but does no damage.
The jackal barely misses you.
The orc priest hits you with a +0 war axe.
* * * LOW HITPOINT WARNING * * *
The orc hits you with a +0 flail.
* * * LOW HITPOINT WARNING * * *
The jackal bites you but does no damage.
The jackal bites you.
* * * LOW HITPOINT WARNING * * *
Okay, then.
As you read the scroll labelled UBALUT UGUFOSE, it crumbles to dust.
It is a scroll of brand weapon.
Your +0 mace thirsts for the lives of mortals!
a - a +0 vampiric mace (weapon)
The bat hits you but does no damage. The jackal bites you.
* * * LOW HITPOINT WARNING * * *
The jackal barely misses you. The orc barely misses you.
The orc priest closely misses you.
As you read the scroll labelled WELIPPUPT, it crumbles to dust.
You feel strangely unstable.
It was a scroll of teleportation.
The bat closely misses you. The jackal closely misses you.
The jackal misses you. The orc hits you with a +0 flail.
You die...

....#.#.#.....<..................
....#.#.#........................
....#.#+######.#..........##.#.#.
..........# #.#..........##.#.#.
.#........####.#.#.#.........#...
.#.................#.........#.#.
....##.............#....(....#.#.
................h..####......#.#.
....#.#'##......@hb..........#.#.
......#.######+#oo...........#.#.
....###'######...#.#........##.#.
............#....#.#.##.#+#......
...................#.#....#......
####........#........#....#......
#........#........#....#......
#........#........#....#......
####........#........#...........


You could see an orc priest, an orc, 2 jackals and a bat.

Vanquished Creatures
  An adder (D:2)
  A worm (D:2)
  2 dart slugs (D:1)
  4 bats
  6 endoplasms
  2 giant cockroaches
  5 goblins
  2 hobgoblins
  3 jackals
  4 quokkas
  4 ball pythons
  3 frilled lizards
  3 kobolds
  3 rats
43 creatures vanquished.

Vanquished Creatures (others)
  A plant (D:1)
1 creature vanquished.

Grand Total: 44 creatures vanquished

Notes
Turn   | Place    | Note
-------+----------+-------------------------------------------
     0 | D:1      | cheesebisquit the Troll Berserker began the quest for the
                  | Orb.
     0 | D:1      | Reached XP level 1. HP: 22/22 MP: 0/0
   100 | D:1      | Reached skill level 3 in Maces & Flails
   138 | D:1      | Reached XP level 2. HP: 29/29 MP: 1/1
   366 | D:1      | Found a faded altar of an unknown god.
   432 | D:1      | Reached XP level 3. HP: 36/36 MP: 2/2
   799 | D:2      | Reached ** piety under Trog
   819 | D:2      | Reached skill level 4 in Maces & Flails
  1374 | D:2      | Slain by an orc

Illustrated notes

Levels and vault maps discovered:
D:1:      roderic_crop_circles_arrival_small, layout_basic,
          basic_ecumenical_altar
D:2:      layout_basic
D:3:      minmay_chambers_of_threes, layout_loops_cross, minivault_24

Skill      XL: |  1  2  3 |
---------------+----------+-----
Maces & Flails | 3 4 |  4.4
Fighting       | |  2.4
Dodging        | |  2.4

Action                   || total
-------------------------++-------
Melee: Mace              ||   125
  Use: Scroll            ||     4
Armor: Animal skin       ||    53
Dodge: Dodged            ||    94
